AoeStats
← MrBunnyKebab

Arabia

503719865Analyzed
4v4 RM · 1mo ago on Sep 2, 2026· 16m 43s· 8 players
Game mode
Random Map
Map size
Large (8 player)
Population
200
Speed
Normal
Resources
Standard
Victory
Conquest
Starting age
Dark Age
Ending age
Imperial Age
RankedLock teamsTeams togetherTeam positionsShared explorationLock speedFull tech treeHidden civsTurbo modeCheats
Victory
Defeat
🇲🇽 Turks · Mexico
1591
+14
🇲🇽 Shu · Mexico
1573
+15
🇲🇽 Dravidians · Mexico
1565
+15
🇵🇪 Poles · Peru
1472
+20
🇺🇸 Persians · United States
1633
-20
🇷🇺 Teutons · Russia
1584
-18
1513
-14
🇮🇳 Inca · India
1471
-12
AiM | CyclopsTron
0:51 Loom
9:27 Feudal Age
12:26 Fletching
VL Crosnay
6:43 Loom
9:34 Feudal Age
10:05 Double-Bit Axe
12:58 Fletching
Trebuchet_Andino
5:58 Loom
8:53 Feudal Age
9:30 Double-Bit Axe
9:50 Horse Collar
16:22 Wheelbarrow
Ux'Cucurella
6:44 Loom
9:21 Feudal Age
9:59 Double-Bit Axe
10:12 Horse Collar
16:21 Forging
MrBunnyKebab
4:42 Loom
6:51 Loom
9:17 Feudal Age
9:51 Double-Bit Axe
15:15 Fletching
tsoul
5:56 Loom
8:37 Feudal Age
9:02 Double-Bit Axe
9:59 Horse Collar
15:28 Scale Barding Armor
[CL] The Fabulous Merasmus
6:23 Loom
9:15 Feudal Age
9:59 Double-Bit Axe
CaP
9:55 Loom
13:24 Feudal Age
Connection lost

Rejoining the realm…

Still unreachable

The connection could not be restored.

Session expired

The server has moved on; the page needs a fresh start.